[Event "SWE-ch U13 2019"]
[Site "Eskilstuna"]
[Date "2019.07.08"]
[Round "1.4"]
[White "Morell, Ludvig"]
[Black "Fridman, Arvid"]
[Result "0-1"]
[ECO "B41"]
[WhiteElo "1744"]
[BlackElo "1326"]
[Annotator "NA"]
[PlyCount "74"]
[EventDate "2019.07.06"]
[EventType "tourn"]
[EventCountry "SWE"]
[SourceTitle "playchess.com"]
[Source "ChessBase"]
[SourceQuality "1"]
[TimeControl "40/5400+30:1800+30"]

1. e4 c5 2. Nf3 e6 3. d4 cxd4 4. Nxd4 a6 5. c4 Nf6 6. Nc3 Qc7 7. Be2 Bd6 8. g3 Bb4 9. Qd3 Nc6 10. Nxc6 dxc6 11. a3 Bxc3+ 12. Qxc3 e5 13. f3 Bh3 14. c5 O-O-O 15. b4 h5 16. Bb2 Rhe8 17. a4 Rd4 18. Qa3 Nxe4 19. Bxd4 exd4 20. fxe4 Rxe4 21. Qd3 Qe5 22. O-O-O Rxe2 23. Qxd4 Qg5+ 24. Kb1 Bf5+ 25. Ka1 Be6 26. Rhe1 Ra2+ 27. Kb1 Rxa4 28. Rxe6 fxe6 29. Qd7+ Kb8 30. Qe8+ Ka7 31. Rd8 Qf5+ 32. Kc1 Ra1+ 33. Kd2 Qf2+ 34. Kd3 Ra3+ 35. Kc4 Qe2+ 36. Kd4 Rd3+ 37. Kc4 Rxd8+ {[%emt 0:00:00] Kd4} 0-1

[Event "SWE-ch U13 2019"]
[Site "Eskilstuna"]
[Date "2019.07.08"]
[Round "1.5"]
[White "Harlin, Jacob"]
[Black "Tran, Alva Ling"]
[Result "1-0"]
[ECO "B22"]
[WhiteElo "1273"]
[BlackElo "1712"]
[Annotator "NA"]
[PlyCount "30"]
[EventDate "2019.07.06"]
[EventType "tourn"]
[EventCountry "SWE"]
[SourceTitle "playchess.com"]
[Source "ChessBase"]
[SourceQuality "1"]
[TimeControl "40/5400+30:1800+30"]

1. e4 c5 2. c3 d5 3. exd5 Qxd5 4. d4 cxd4 5. cxd4 Nc6 6. Nf3 Bg4 7. Be2 e6 8. a3 Nf6 9. Nc3 Qd7 10. Be3 Bd6 11. h3 Bh5 12. Qd2 O-O 13. O-O Rfd8 14. Rfd1 Rac8 15. Rac1 Bb8 1-0

[Event "SWE-ch U13 2019"]
[Site "Eskilstuna"]
[Date "2019.07.09"]
[Round "3.2"]
[White "Wikman, Viktor"]
[Black "Strom-Engdahl, Alexander"]
[Result "0-1"]
[ECO "C43"]
[WhiteElo "1633"]
[BlackElo "1866"]
[Annotator "NA"]
[PlyCount "64"]
[EventDate "2019.07.06"]
[EventType "tourn"]
[EventCountry "SWE"]
[SourceTitle "playchess.com"]
[Source "ChessBase"]
[SourceQuality "1"]
[TimeControl "40/5400+30:1800+30"]

1. e4 e5 2. Nf3 Nf6 3. d4 Nxe4 4. Nxe5 d5 5. Bd3 Be7 6. O-O O-O 7. c4 Nc6 8. cxd5 Qxd5 9. Qf3 Nf6 10. Nxc6 bxc6 11. Qxd5 cxd5 12. Bf4 c6 13. Nd2 Be6 14. Rac1 Bd7 15. Nf3 Nh5 16. Bg3 Nxg3 17. hxg3 Bf6 18. Rc5 a5 19. a4 Rfb8 20. Rb1 Rb4 21. b3 Bxd4 22. Nxd4 Rxd4 23. Be2 Kf8 24. Kf1 Ke7 25. Rbc1 Kd6 26. R1c2 Rb4 27. R2c3 Rxb3 28. Rxd5+ cxd5 29. Rxb3 Bxa4 30. Rb7 Bd7 31. Ke1 a4 32. Kd2 Ke5 0-1

[Event "SWE-ch U13 2019"]
[Site "Eskilstuna"]
[Date "2019.07.12"]
[Round "7.1"]
[White "Seo, Jung Hyun"]
[Black "Falkevall, Axel"]
[Result "1/2-1/2"]
[ECO "D37"]
[WhiteElo "1575"]
[BlackElo "2067"]
[Annotator "NA"]
[PlyCount "42"]
[EventDate "2019.07.06"]
[EventType "tourn"]
[EventCountry "SWE"]
[SourceTitle "playchess.com"]
[Source "ChessBase"]
[SourceQuality "1"]
[TimeControl "40/5400+30:1800+30"]

1. Nf3 Nf6 2. d4 d5 3. c4 e6 4. Nc3 Be7 5. Bf4 c6 6. e3 O-O 7. Bd3 Nbd7 8. h3 dxc4 9. Bxc4 b5 10. Bd3 Bb7 11. a3 a6 12. b4 a5 13. Rb1 axb4 14. axb4 Nb6 15. e4 Ra3 16. Qc2 h6 17. Bc7 Qxc7 18. Nxb5 Ra2 19. Nxc7 Rxc2 20. Bxc2 Rc8 21. Nb5 cxb5 1/2-1/2

[Event "SWE-ch U13 2019"]
[Site "Eskilstuna"]
[Date "2019.07.13"]
[Round "8.3"]
[White "Strom-Engdahl, Alexander"]
[Black "Johansson-Ohman, Linnea"]
[Result "1/2-1/2"]
[ECO "D35"]
[WhiteElo "1866"]
[BlackElo "1529"]
[Annotator "NA"]
[PlyCount "76"]
[EventDate "2019.07.06"]
[EventType "tourn"]
[EventCountry "SWE"]
[SourceTitle "playchess.com"]
[Source "ChessBase"]
[SourceQuality "1"]
[TimeControl "40/5400+30:1800+30"]

1. c4 c6 2. g3 d5 3. Bg2 Nf6 4. Nf3 e6 5. Qc2 Bd6 6. d4 Nbd7 7. cxd5 exd5 8. Nc3 O-O 9. O-O Re8 10. Re1 Nb6 11. Bg5 h6 12. Bxf6 Qxf6 13. e4 Qg6 14. Nh4 Qh7 15. Bf1 g5 16. Ng2 Bd7 17. Bd3 Qg7 18. e5 Bb4 19. a3 Bxc3 20. bxc3 Nc8 21. Kh1 Ne7 22. f4 Bh3 23. Ne3 f6 24. Bf1 Bxf1 25. Rxf1 Rf8 26. exf6 Rxf6 27. f5 Raf8 28. g4 Qh7 29. Kg2 h5 30. h3 Rh6 31. Rh1 Kf7 32. Raf1 Rh8 33. Qd3 Ng8 34. gxh5 Rxh5 35. Ng4 Nf6 36. Nxf6 Kxf6 37. Qe3 Qe7 38. Qxe7+ Kxe7 1/2-1/2